 Dungeon Crawl Stone Soup version 0.31.0-9-g3a7656b989 (webtiles) character file.

Game seed: 1863221184731466321

13459 Sobieck the Destroyer (level 11, -2/57 HPs)
             Began as a Deep Elf Conjurer on Jan 24, 2024.
             Was an Elder of Vehumet.
             Slain by an elephant (4 damage)
             ... on level 1 of the Lair of Beasts.
             The game lasted 00:45:34 (15201 turns).

Sobieck the Destroyer (Deep Elf Conjurer)          Turns: 15201, Time: 00:45:35

Health: -2/57      AC:  7    Str:  4    XL:     11   Next: 75%
Magic:  16/27      EV: 13    Int: 30    God:    Vehumet [****..]
Gold:   319        SH:  0    Dex: 13    Spells: 10/31 levels left

rFire   . . .        q - +5 long sword "Vipixzy" {chaos, rElec Int+2}
rCold   . . .        (no shield)
rNeg    . . .        n - +2 robe {Will+}
rPois   .            f - +1 helmet
rElec   +            u - scarf {+Inv}
rCorr   .            (no gloves)
SInv    .            l - +0 pair of boots
Will    +++..        (no amulet)
Stlth   +++          m - ring of willpower
HPRegen 0.29/turn    (no ring)
MPRegen 0.20/turn

%: no passive effects
@: about to teleport, studying 2 skills
A: no striking features
a: Renounce Religion, Evoke Invisibility


You were on level 1 of the Lair of Beasts.
You worshipped Vehumet.
Vehumet was greatly pleased with you.
You visited 4 branches of the dungeon, and saw 14 of its levels.

You collected 735 gold pieces.
You spent 416 gold pieces at shops.

Inventory:

Hand Weapons
 j - the +7 broad axe of the Extremes {heavy, ^Contam rElec Will++}
   (You took it off a centaur on level 8 of the Dungeon)

   rElec:     It insulates you from electricity.
   Will++:    It greatly increases your willpower.
   ^Contam:   It causes magical contamination when unequipped.
 q - the +5 long sword "Vipixzy" (weapon) {chaos, rElec Int+2}
   (You found it on level 5 of the Dungeon)

   Int+2:     It affects your intelligence (+2).
   rElec:     It insulates you from electricity.
 y - the +9 war axe of the Big Bang {elec, *Slow Str+9}
   (You found it on level 10 of the Dungeon)

   Str+9:     It affects your strength (+9).
   *Slow:     It may slow you when you take damage.
Missiles
 F - 6 curare-tipped darts
 Z - a throwing net
Armour
 a - a +0 robe
 f - a +1 helmet (worn)
 l - a +0 pair of boots (worn)
 n - a +2 robe of willpower (worn)
 o - a +2 buckler
 u - a scarf of invisibility (worn)
Jewellery
 m - a ring of willpower (left hand)
Wands
 i - a wand of quicksilver (9)
 E - a wand of charming (21)
 I - a wand of iceblast (8)
 V - a wand of flame (7)
Scrolls
 d - 3 scrolls of vulnerability
 g - 2 scrolls of poison
 h - a scroll of amnesia
 k - a scroll of immolation
 p - 2 scrolls of noise
 s - a scroll of revelation {unknown}
 t - a scroll of brand weapon {unknown}
 x - a scroll of butterflies {unknown}
 R - 2 scrolls of identify
Potions
 b - a potion of magic
 c - 2 potions of berserk rage
 e - 3 potions of attraction
 r - a potion of mutation {unknown}
 v - a potion of invisibility {unknown}
 w - 3 potions of heal wounds {unknown}
 H - a potion of haste
 Q - 4 potions of curing


   Skills:
 - Level 2.1 Fighting
 - Level 4.1 Dodging
 - Level 4.3 Stealth
 - Level 10.7 Spellcasting
 - Level 10.8 Conjurations
 - Level 9.0 Hexes
 - Level 4.0 Translocations
 + Level 8.2 Fire Magic
 + Level 10.7 Air Magic
 - Level 5.0 Alchemy


You had 10 spell levels left.
You knew the following spells:

 Your Spells              Type           Power      Damage    Failure   Level
a - Magic Dart            Conj           100%       1d8       1%          1
b - Searing Ray           Conj           100%       2d8       1%          2
c - Fulminant Prism       Conj/Alch      29%        3d14      1%          4
d - Iskenderun's Mystic   Conj/Tloc      57%        2d12      1%          4
e - Olgreb's Toxic Radia  Alch           46%        N/A       1%          4
f - Plasma Beam           Fire/Air       32%        2x1d45    2%          6

Your spell library contained the following spells:

 Spells                   Type           Power      Damage    Failure   Level
 Stone Arrow              Conj/Erth      96%        3d13      1%          3
 Foxfire                  Conj/Fire      100%       2x1d9     1%          1
 Sting                    Conj/Alch      100%       1d9       1%          1
 Lesser Beckoning         Tloc           80%        N/A       1%          2
 Mercury Vapours          Alch/Air       100%       N/A       1%          2
 Gell's Gravitas          Tloc           40%        N/A       1%          3
 Mephitic Cloud           Conj/Alch/Air  62%        N/A       1%          3
 Teleport Other           Tloc           40%        N/A       1%          3
 Vhi's Electric Charge    Tloc/Air       100%       N/A       1%          4
 Arcjolt                  Conj/Air       34%        1d44      1%          5
 Freezing Cloud           Conj/Ice/Air   28%        6-21      1%          5
 Starburst                Conj/Fire      32%        6d10      2%          6
 Ozocubu's Armour         Ice            16%        N/A       10%         3
 Metabolic Englaciation   Hex/Ice        21%        N/A       14%         5
 Sculpt Simulacrum        Ice/Alch       15%        N/A       87%         6


Dungeon Overview and Level Annotations

Branches:
Dungeon (11/15)            Temple (1/1) D:5            Lair (1/5) D:10
    Orc (1/2) D:9

Altars:
Ashenzari
Cheibriados
Elyvilon
Fedhas
Gozag
Hepliaklqana
Kikubaaqudgha
Makhleb
Nemelex Xobeh
Okawaru
Qazlal
Ru
Sif Muna
Trog
Uskayaw
Vehumet
Wu Jian
Xom
Yredelemnul
Zin
The Shining One

Shops:
D:3 :

Portals:
Abyss: D:4

Annotations:
D:4 2 transporters, Vadun's ghost, amateur DsGl
D:7 1 runed translucent door, exclusion: door, Crazy Yiuf
D:8 1 runed translucent door
Orc:1 Jorgrun


Message History

The elephant is knocked back by the mystic blast.
The mystic blast hits the elephant!
The elephant is moderately wounded.
The elephant is knocked back by the mystic blast.
The mystic blast hits the bullfrog!!
You kill the bullfrog!
Vehumet accepts your kill.
The elephant looks even sicker. x2
The elephant tramples you but does no damage.
The elephant barely misses you.
Casting: Iskenderun's Mystic Blast (safe; 1% risk of failure)
Confirm with . or Enter, or press ? or * to list all spells.
You erupt in a blast of force!
The mystic blast hits the elephant.
The elephant is severely wounded.
The elephant is knocked back by the mystic blast.
The mystic blast hits the elephant.
The elephant is heavily wounded.
The elephant is knocked back by the mystic blast.
The mystic blast hits the elephant!
The elephant is severely wounded.
The elephant is knocked back by the mystic blast.
The mystic blast hits the elephant.
The elephant is heavily wounded.
The mystic blast hits the elephant!
The elephant is heavily wounded.
The elephant is knocked back by the mystic blast.
The elephant looks even sicker. x2
Your toxic aura wanes.
You hear a loud, deep croak!
The elephant misses you. The elephant trunk-slaps you.
The elephant tramples you.
* * * LOW HITPOINT WARNING * * *
You stumble backwards!
You stop ascending the stairs.
The elephant barely misses you. The elephant closely misses you.
Unknown command.
Unknown command.
Unknown command.
As you read the scroll of teleportation, it crumbles to dust.
You feel strangely unstable.
The elephant looks more healthy.
The elephant tramples you!
* * * LOW HITPOINT WARNING * * *
You hold your ground!
The elephant trunk-slaps you but does no damage.
The elephant tramples you.
* * * LOW HITPOINT WARNING * * *
You hold your ground!
The elephant trunk-slaps you but does no damage.
The elephant tramples you but does no damage.
The elephant trunk-slaps you.
You die...

###.......
.##.........
...........
..........#
..........#
.....Y....#
..........#
#.....YYY#
#.....@.#
##...Y..#
#P......#
#......##
...[....#
.........
....#...#
....#..#.


You could see 5 elephants.

Vanquished Creatures
  A two-headed ogre (D:10)
  Lodul (D:10)
  An elephant (D:10)
  A gargoyle (D:11)
  Psyche (D:9)
  2 trolls
  Grinder (D:6)
  A slime creature (D:8)
  Sigmund (D:4)
  Grum (D:9)
  Eustachio (D:5)
  A wraith (D:11)
  30 yaks
  A steam dragon (D:7)
  Menkaure (D:6)
  An acid dragon (D:10)
  2 water moccasins (D:8)
  2 ice beasts
  4 orc warriors
  A black bear (D:6)
  2 sky beasts
  4 wolves (D:9)
  9 ogres
  7 centaurs
  6 kobold brigands
  5 bullfrogs
  A gnoll sergeant (D:9)
  4 scorpions
  4 wights (D:7)
  9 killer bees
  4 electric eels (D:8)
  A howler monkey (D:3)
  2 bombardier beetles
  2 hounds
  2 jellies
  5 orc priests
  2 gnoll boudas
  9 orc wizards
  5 iguanas
  11 gnolls
  5 adders
  2 shadow imps
  3 white imps
  A ribbon worm (D:4)
  3 dart slugs
  29 orcs
  6 endoplasms
  2 giant cockroaches
  10 goblins
  4 hobgoblins
  5 jackals
  4 quokkas
  7 ball pythons
  2 bats (D:3)
  2 frilled lizards (D:1)
  A goblin skeleton (D:8)
  A goblin zombie (D:8)
  A jackal skeleton (D:8)
  21 kobolds
  3 rats
261 creatures vanquished.

Vanquished Creatures (others)
  A butterfly (D:9)
  90 fulminant prisms
91 creatures vanquished.

Grand Total: 352 creatures vanquished

Notes
Turn   | Place    | Note
-------+----------+-------------------------------------------
     0 | D:1      | Sobieck the Deep Elf Conjurer began the quest for the Orb.
     0 | D:1      | Reached XP level 1. HP: 10/10 MP: 6/6
   349 | D:1      | Reached XP level 2. HP: 15/15 MP: 5/8
   958 | D:2      | Found an iron altar of Okawaru.
  1258 | D:2      | Learned a level 2 spell: Searing Ray
  1487 | D:2      | Reached XP level 3. HP: 19/19 MP: 7/10
  1682 | D:2      | Found a faded altar of an unknown god.
  1690 | D:2      | Got Plato's Directory of Hurting
  1949 | D:3      | Found Cotoemav's Book Shop.
  2162 | D:3      | Reached XP level 4. HP: 21/24 MP: 5/12
  2458 | D:3      | Learned a level 4 spell: Fulminant Prism
  2824 | D:3      | Reached skill level 1 in Hexes
  2934 | D:3      | Reached XP level 5. HP: 28/28 MP: 9/14
  3291 | D:4      | Reached skill level 3 in Hexes
  3431 | D:4      | Noticed an ogre
  3465 | D:4      | Killed an ogre
  3466 | D:4      | Reached skill level 6 in Conjurations
  3466 | D:4      | Reached XP level 6. HP: 32/32 MP: 9/16
  3572 | D:4      | Noticed Sigmund
  3668 | D:4      | Found a one-way gate to the infinite horrors of the Abyss.
  3668 | D:4      | Noticed Vadun's ghost (amateur DsGl)
  3669 | D:4      | Found a transporter.
  3909 | D:4      | Reached skill level 6 in Spellcasting
  4062 | D:4      | Noticed a small abomination
  4219 | D:4      | Found a transporter.
  4336 | D:5      | Entered Level 5 of the Dungeon
  4384 | D:5      | Found a staircase to the Ecumenical Temple.
  4387 | D:5      | Identified the +5 long sword "Vipixzy" {chaos, rElec Int+2}
  4393 | Temple   | Entered the Ecumenical Temple
  4412 | Temple   | Became a worshipper of Vehumet
  4448 | D:5      | Reached XP level 7. HP: 36/36 MP: 12/18
  4458 | D:5      | Learned a level 4 spell: Iskenderun's Mystic Blast
  4714 | D:5      | Reached skill level 6 in Hexes
  4815 | D:5      | Noticed Eustachio
  4968 | D:5      | Found a stormy altar of Qazlal.
  5122 | D:5      | Killed Eustachio
  5425 | D:6      | Noticed Grinder
  5464 | D:6      | Reached XP level 8. HP: 41/41 MP: 12/20
  5530 | D:6      | Noticed Menkaure
  5534 | D:6      | Killed Menkaure
  5664 | D:6      | Found a sacrificial altar of Ru.
  6071 | D:6      | Reached * piety under Vehumet
  6071 | D:6      | Offered knowledge of Kiss of Death by Vehumet.
  6346 | D:6      | Killed Grinder
  6347 | D:6      | Reached skill level 9 in Spellcasting
  6929 | D:4      | Killed Sigmund
  6930 | D:4      | Reached skill level 9 in Conjurations
  7160 | D:7      | Reached XP level 9. HP: 45/45 MP: 19/24
  7423 | D:7      | Reached skill level 9 in Hexes
  7928 | D:7      | Found a burning altar of Makhleb.
  8431 | D:3      | Bought a book of Fire for 416 gold pieces
  8613 | D:7      | Found a runed translucent door.
  8614 | D:7      | Noticed Crazy Yiuf
  8687 | D:7      | Noticed a boulder beetle
  8876 | D:8      | Found a runed translucent door.
  8899 | D:8      | Reached skill level 1 in Translocations
  9085 | D:8      | Found a basalt altar of Yredelemnul.
  9097 | D:8      | Reached skill level 3 in Dodging
  9097 | D:8      | Reached skill level 3 in Stealth
  9268 | D:8      | Reached skill level 1 in Fighting
  9763 | D:8      | Reached skill level 3 in Translocations
 10443 | D:7      | Reached XP level 10. HP: 31/53 MP: 16/26
 10662 | D:8      | Reached ** piety under Vehumet
 10662 | D:8      | Offered knowledge of Shock by Vehumet.
 10849 | D:8      | Identified the +7 broad axe of the Extremes {heavy, ^Contam
                  | rElec Will++}
 11025 | D:8      | Found a shimmering blue altar of Sif Muna.
 11539 | D:8      | Reached skill level 1 in Air Magic
 11576 | D:8      | Reached skill level 1 in Fire Magic
 12268 | D:9      | Reached skill level 1 in Alchemy
 12493 | D:9      | Noticed Grum
 12499 | D:9      | Reached skill level 3 in Alchemy
 12501 | D:9      | Killed Grum
 12501 | D:9      | Offered knowledge of Hailstorm by Vehumet.
 12580 | D:9      | Learned a level 4 spell: Olgreb's Toxic Radiance
 12677 | D:9      | Found a staircase to the Orcish Mines.
 12708 | D:9      | Reached *** piety under Vehumet
 12804 | D:9      | Noticed Psyche
 12811 | D:9      | Killed Psyche
 12812 | D:9      | Reached skill level 3 in Air Magic
 12912 | Orc:1    | Entered Level 1 of the Orcish Mines
 12916 | Orc:1    | Noticed Jorgrun
 12921 | Orc:1    | Reached skill level 3 in Fire Magic
 13202 | D:9      | Offered knowledge of Frozen Ramparts by Vehumet.
 13463 | D:9      | Reached XP level 11. HP: 57/57 MP: 4/27
 13641 | D:9      | Found a white marble altar of Elyvilon.
 13742 | D:10     | Entered Level 10 of the Dungeon
 13878 | D:10     | Noticed Lodul
 13879 | D:10     | Reached skill level 6 in Air Magic
 13903 | D:10     | Killed Lodul
 14302 | D:10     | Reached **** piety under Vehumet
 14406 | D:10     | Noticed a two-headed ogre
 14418 | D:10     | Killed a two-headed ogre
 14419 | D:10     | Reached skill level 6 in Fire Magic
 14474 | D:10     | Learned a level 6 spell: Plasma Beam
 14516 | D:10     | Reached skill level 9 in Air Magic
 14527 | D:10     | Offered knowledge of Stone Arrow by Vehumet.
 14839 | D:10     | Found a staircase to the Lair.
 14866 | D:10     | Identified the +9 war axe of the Big Bang {elec, *Slow
                  | Str+9}
 14964 | D:11     | Noticed a centaur warrior
 15027 | Lair:1   | Entered Level 1 of the Lair of Beasts
 15201 | Lair:1   | HP: 2/57 [elephant (5)]
 15201 | Lair:1   | Slain by an elephant

Illustrated notes

Levels and vault maps discovered:
D:1:      mushboom_english_gardens, layout_basic
D:2:      layout_loops_corners, basic_altar, shapermc_ecumenical_altar_rom_forum
D:3:      layout_basic, serial_corexii_hall, chequers_hall_statues_y,
          chequers_hall_statues_corner_a, serial_shops,
          nicolae_book_shop_shelving, hangedman_decor_lopped
D:4:      layout_loops_ring, gammafunk_ghost_abyssal_escape, uniq_sigmund
D:5:      layout_loops_cross, kennysheep_little_box,
          minmay_temple_entry_crystal_x, nicolae_titane, uniq_eustachio
D:6:      layout_loops_corners, kennysheep_mini,
          serial_library_hellmonk_metal_room, uniq_menkaure, uniq_grinder
D:7:      layout_basic, nicolae_dithmenos_through_a_glass_darkly,
          makhleb_blood_cavern_becter, uniq_crazy_yiuf_cottage
D:8:      nzn_winding_woodlands_cross [nzn_winding_woodlands_5x15_split_checker,
          nzn_winding_woodlands_5x15_pool,
          nzn_winding_woodlands_5x15_river_crossing,
          nzn_winding_woodlands_5x15_concentric,
          nzn_winding_woodlands_15x15_eel_pit], layout_rooms,
          mainiacjoe_overflow_small_starburst, dk_yredelemnul_ordeal,
          enter_bailey_5, st_stairs_4, minmay_misc_feat_secret_circle
D:9:      layout_basic, nicolae_elyvilon_peaceful_grove, orc_0_dummy,
          nicolae_elevator_lobby_asterisk, uniq_psyche, uniq_grum
D:10:     layout_roguey, lair_entry_dummy, uniq_lodul
D:11:     layout_long_grid, portal_ice_cave_entry_pillars_2,
          nicolae_lava_and_water, led_sif_book, uniq_gastronok, uniq_erica,
          uniq_harold
Temple:   bh_familiar_temple
Lair:1:   layout_cave_pods, grunt_megastairs_4
Orc:1:    layout_caves, lightli_volcano_entry_magma_tube, uniq_jorgrun

Skill      XL: |  1  2  3  4  5  6  7  8  9 10 11 |
---------------+----------------------------------+-----
Spellcasting   | 4 5 6 7 9 10 | 10.7
Conjurations   | 5 6 7 9 10 | 10.8
Hexes          | 2 3 5 7 8 9 |  9.0
Translocations | 3 4 |  4.0
Dodging        | 3 4 |  4.1
Stealth        | 3 4 |  4.3
Fighting       | 1 2 |  2.1
Air Magic      | 5 10 | 10.7
Fire Magic     | 4 8 |  8.2
Alchemy        | 5 |  5.0

Action                     |  1- 3 |  4- 6 |  7- 9 | 10-12 || total
---------------------------+-------+-------+-------+-------++-------
  Melee: Long sword        |       |       |       |     4 ||     4
         Punch             |       |       |       |     1 ||     1
   Cast: Magic Dart        |    60 |    57 |    73 |    18 ||   208
         Searing Ray       |     1 |    11 |    25 |     3 ||    40
         Fulminant Prism   |       |       |    30 |    61 ||    91
         Iskenderun's Myst |       |       |    25 |    44 ||    69
         Olgreb's Toxic Ra |       |       |       |    35 ||    35
  Evoke: Wand              |       |       |       |     1 ||     1
    Use: Scroll            |       |       |    16 |     1 ||    17
         Potion            |       |       |       |     3 ||     3
 Armour: Robe              |     6 |     5 |    66 |    54 ||   131
  Dodge: Dodged            |     7 |     3 |    56 |    53 ||   119
